 Dungeon Crawl Stone Soup version 0.24-a0-284-g9fb9971 (webtiles) character file.

Game seed: 10077010813648638761

455 Espgualade the Ducker (level 7, -4/36 HPs)
             Began as a Tengu Ice Elementalist on May 5, 2019.
             Slain by an ice beast (9 damage)
             ... on level 5 of the Dungeon.
             The game lasted 00:11:17 (3952 turns).

Espgualade the Ducker (Tengu Ice Elementalist)      Turns: 3952, Time: 00:11:18

Health: -4/36      AC:  4    Str: 13    XL:     7   Next: 5%
Magic:  11/11      EV: 12    Int: 18    God:
Gold:   261        SH:  7    Dex: 14    Spells: 4/10 levels left

rFire    . . .     SeeInvis .   l - +3 short sword (venom)
rCold    . . .     Gourm    .   m - +0 shield (curse)
rNeg     . . .     Faith    .   a - +1 robe
rPois    .         Spirit   .   (helmet restricted)
rElec    .         Reflect  .   g - +0 cloak
rCorr    .         Harm     .   (no gloves)
MR       .....                  (boots unavailable)
Stlth    ++........             (no amulet)
HPRegen  0.12/turn              (no ring)
MPRegen  0.12/turn              (no ring)

@: mighty
A: beak, talons 3, able to fly
a: Fly


You were on level 5 of the Dungeon.
You were not hungry.

You visited 1 branch of the dungeon, and saw 5 of its levels.

You collected 261 gold pieces.

Inventory:

Hand Weapons
 l - a +3 short sword of venom (weapon)
Armour
 a - a +1 robe (worn)
 g - a +0 cloak (worn)
 m - a cursed +0 shield (worn)
Jewellery
 b - an uncursed ring of fire
 k - an uncursed amulet of harm
 o - an uncursed ring of flight
 p - an uncursed ring of ice
Scrolls
 d - a scroll of immolation
 e - 3 scrolls of remove curse
 f - a scroll of fog {unknown}
 i - a scroll of teleportation
Potions
 j - a potion of haste
 s - a potion of cancellation
Comestibles
 c - 7 rations
 h - 4 chunks of flesh


   Skills:
 - Level 6.0 Dodging
 - Level 2.0 Stealth
 + Level 2.3 Spellcasting
 - Level 1.3 Conjurations
 - Level 5.0 Ice Magic


You had 4 spell levels left.
You knew the following spells:

 Your Spells              Type           Power        Failure   Level  Hunger
a - Freeze                Ice            ###.         16%         1    #......
b - Throw Frost           Conj/Ice       ##....       45%         2    ##.....
c - Ozocubu's Armour      Chrm/Ice       ##......     78%         3    ###....

Your spell library contained the following spells:

 Spells                   Type           Power        Failure   Level  Hunger
 Animate Skeleton         Necr           N/A          77%         1    #......
 Apportation              Tloc           #.....       77%         1    #......
 Confusing Touch          Hex            #.....       77%         1    #......
 Summon Small Mammal      Summ           #...         77%         1    #......
 Throw Icicle             Conj/Ice       ##......     97%         4    #####..
 Confuse                  Hex            #.......     98%         3    ###....
 Gell's Gravitas          Tloc           #.........   98%         3    ###....
 Summon Ice Beast         Ice/Summ       ##......     99%         4    #####..
 Petrify                  Tmut/Erth      #.......     100%        4    #####..
 Metabolic Englaciation   Hex/Ice        ##........   100%        5    ######.
 Yara's Violent Unravell  Hex/Tmut       #.........   100%        5    ######.


Dungeon Overview and Level Annotations

Branches:
Dungeon (5/15)
 Temple: D:4-7

Altars:
Ashenzari
Wu Jian
Yredelemnul
The Shining One


Innate Abilities, Weirdness & Mutations

You have a beak for a mouth.
You have claws for feet.
You can fly continuously.


Message History

There is a stone staircase leading down here.
Casting: Freeze (safe; 16% risk of failure)
Confirm with . or Enter, or press ? or * to list all spells.
The spell is very dangerous to cast (78% risk of failure)!
Continue anyway? [Y]es or [N]o only, please.
The spell is very dangerous to cast (78% risk of failure)!
Continue anyway? [Y]es or [N]o only, please.
The spell is very dangerous to cast (78% risk of failure)!
Continue anyway?
Okay, then.
You feel very mighty all of a sudden. The ice beast hits you.
* * * LOW HITPOINT WARNING * * *
The ice beast freezes you.
* * * LOW HITPOINT WARNING * * *
You hit the ice beast. You claw the ice beast.
The ice beast is severely wounded.
The ice beast hits you.
* * * LOW HITPOINT WARNING * * *
The ice beast freezes you!
You die...

. ........... #.#....##
..#.........## .....#..#
.............## #.##.##.#
#............# #.##....##
#............# #.##.....#
...#..........# #÷##.....#
..............# #>##.....#
...#..........###.#.....##
.........<@Y..>.††..#.#.#
.........<....##..###...#
...#..........##.####.###
.. #......(...##.##....# .
#.............##....#
#.............##....#
##............##....#
##............#....#
######...... #....#


You could see an ice beast.

Vanquished Creatures
  Sigmund (D:4)
  A scorpion (D:4)
  Jessica (D:3)
  A hound zombie (D:5)
  4 gnolls (D:2)
  8 adders
  An adder skeleton (D:4)
  3 worms
  7 leopard geckos
  7 orcs
  4 giant cockroaches
  2 goblins
  9 hobgoblins
  8 jackals
  2 quokkas (D:4)
  A ball python (D:2)
  5 bats
  4 frilled lizards
  3 kobolds
  5 rats
77 creatures vanquished.

Notes
Turn   | Place    | Note
-------+----------+-------------------------------------------
     0 | D:1      | Espgualade the Tengu Ice Elementalist began the quest for
                  | the Orb.
     0 | D:1      | Reached XP level 1. HP: 10/10 MP: 4/4
   168 | D:1      | Reached XP level 2. HP: 12/15 MP: 0/6
   681 | D:1      | Learned a level 2 spell: Throw Frost
   968 | D:2      | Reached XP level 3. HP: 17/19 MP: 2/7
  1132 | D:2      | Reached XP level 4. HP: 24/24 MP: 8/8
  1340 | D:2      | Found an ornate altar of the Wu Jian Council.
  1587 | D:2      | Learned a level 3 spell: Ozocubu's Armour
  2065 | D:2      | Reached skill level 5 in Ice Magic
  2065 | D:2      | Gained mutation: You can fly continuously. [Tengu growth]
  2065 | D:2      | Reached XP level 5. HP: 17/28 MP: 1/9
  2308 | D:2      | Found a basalt altar of Yredelemnul.
  2529 | D:3      | Reached skill level 3 in Dodging
  2844 | D:3      | Noticed Jessica
  2849 | D:3      | Killed Jessica
  3069 | D:4      | Found a glowing golden altar of the Shining One.
  3400 | D:4      | Reached skill level 4 in Dodging
  3474 | D:4      | Reached XP level 6. HP: 25/32 MP: 3/10
  3523 | D:4      | Found a shattered altar of Ashenzari.
  3746 | D:4      | Noticed Sigmund
  3815 | D:4      | Killed Sigmund
  3815 | D:4      | Reached skill level 5 in Dodging
  3851 | D:5      | Entered Level 5 of the Dungeon
  3859 | D:5      | Reached skill level 6 in Dodging
  3863 | D:5      | Reached XP level 7. HP: 29/36 MP: 11/11
  3952 | D:5      | Slain by an ice beast

Levels and vault maps discovered:
D:1:      dpeg_arrival_solitude, layout_basic
D:2:      layout_basic, nicolae_overflow_hidden_temple,
          nicolae_overflow_crystal_walls
D:3:      layout_basic, uniq_jessica
D:4:      layout_basic, nicolae_ashenzari_panopticon, tso_metal_star,
          uniq_sigmund
D:5:      layout_rooms, eat_drink_and_be_merry_uskayaw, first_ration,
          trog_butcher_becter

Skill      XL: |  1  2  3  4  5  6 |
---------------+-------------------+-----
Ice Magic      | 3 4 5 |  5.0
Dodging        | 4 6 |  6.0
Stealth        | |  2.0
Spellcasting   | |  2.3
Conjurations   | |  1.3

Action                   |  1- 3 |  4- 6 |  7- 9 || total
-------------------------+-------+-------+-------++-------
Melee: Unarmed           |    20 |     1 |       ||    21
       Kick              |     3 |    25 |     2 ||    30
       Peck              |     4 |    11 |     7 ||    22
       War axe           |       |    98 |       ||    98
       Short sword       |       |    16 |    23 ||    39
 Cast: Freeze            |    21 |    39 |     1 ||    61
       Throw Frost       |       |    11 |       ||    11
  Use: Scroll            |     3 |     8 |       ||    11
       Potion            |     4 |       |     2 ||     6
 Stab: Sleeping          |     2 |     2 |       ||     4
  Eat: Chunk             |     1 |    10 |     1 ||    12
Armor: Robe              |     5 |    36 |     3 ||    44
Dodge: Dodged            |    17 |   109 |    15 ||   141
Block: Shield            |       |     8 |     7 ||    15

Table legend:
 A = Non-vault XP
 B = Vault XP
 C = Vault XP percentage of total XP
 D = Non-vault monster count
 E = Vault monster count
 F = Vault count percentage of total count
                 A         B        C        D         E       F
            +---------+---------+-------+---------+---------+-------
      Total |     387 |     264 |  40.6 |      75 |       2 |   2.6
            +---------+---------+-------+---------+---------+-------
        D:1 |      17 |       0 |   0.0 |      10 |       0 |   0.0
        D:2 |     170 |       0 |   0.0 |      30 |       0 |   0.0
        D:3 |      69 |      37 |  34.9 |      21 |       1 |   4.5
        D:4 |      85 |     227 |  72.8 |       6 |       1 |  14.3
        D:5 |      46 |       0 |   0.0 |       8 |       0 |   0.0
            +---------+---------+-------+---------+---------+-------
